 Dungeon Crawl Stone Soup version 0.30-a0-879-ga8ba668304 (webtiles) character file.

Game seed: 7565073156576601615

164 bande the Covered (level 5, -6/33 HPs)
             Began as a Gargoyle Fighter on Mar 13, 2023.
             Mangled by an ogre
             ... wielding a +0 giant spiked club
              (15 damage)
             ... on level 3 of the Dungeon.
             The game lasted 00:03:55 (2691 turns).

bande the Covered (Gargoyle Fighter)                Turns: 2691, Time: 00:03:56

Health: -6/33      AC: 17    Str: 19    XL:     5   Next: 45%
Magic:  5/5        EV:  9    Int: 15    God:
Gold:   99         SH:  4    Dex: 11    Spells: 4/4 levels left

rFire   . . .      SeeInvis +    a - +0 war axe
rCold   . . .      Faith    .    c - +0 buckler
rNeg    + + .      Spirit   .    b - +0 scale mail
rPois   ∞          Reflect  .    h - +1 helmet {SInv}
rElec   +          Rampage  .    i - +0 cloak
rCorr   .                        (no gloves)
Will    .....                    e - +2 pair of boots Stlth
                                 (no amulet)
HPRegen 0.25/turn                f - +6 ring of intelligence
MPRegen 0.09/turn                l - ring of positive energy

@: no status effects
A: sickness immunity, AC +4, negative energy resistance 1, electricity
resistance, torment resistance 1, petrification resistance
a: no special abilities


You were on level 3 of the Dungeon.
You visited 1 branch of the dungeon, and saw 3 of its levels.

You collected 99 gold pieces.

Inventory:

Hand Weapons
 a - a +0 war axe (weapon)
 n - a +0 flail
Armour
 b - a +0 scale mail (worn)
 c - a +0 buckler (worn)
 e - a +2 pair of boots (worn)
 h - a +1 helmet of see invisible (worn)
 i - a +0 cloak (worn)
Jewellery
 f - a +6 ring of intelligence (left hand)
 l - a ring of positive energy (right hand)
Wands
 m - a wand of flame (27)
Scrolls
 j - a scroll of fear
Potions
 d - a potion of might
 g - a potion of brilliance {unknown}


   Skills:
 + Level 3.9 Fighting
 + Level 3.3 Axes
 + Level 4.6 Armour
 - Level 0.1 Stealth
 + Level 3.8 Shields


You had 4 spell levels left.
You didn't know any spells.
Your spell library was empty.

Dungeon Overview and Level Annotations

Branches:
Dungeon (3/15)

Altars:
Ru


Innate Abilities, Weirdness & Mutations

You are immune to sickness and miasma.
Your stone body is resilient. (AC +4)
You are immune to poison.
You resist negative energy. (rN+)
You are resistant to electric shocks. (rElec)
You are resistant to unholy torment.
You are immune to petrification.


Message History

You block the quokka's attack.
You see here a fuming orange potion.
You closely miss the quokka.
The quokka bites you but does no damage.
You closely miss the quokka. The quokka barely misses you.
The quokka closely misses you.
You closely miss the orc. You closely miss the quokka.
The quokka closely misses you. The orc hits you but does no damage.
You block the quokka's attack.
You hit the ogre.
The ogre is lightly wounded.
You closely miss the quokka. You completely miss the orc.
The ogre closely misses you. The orc hits you but does no damage.
The quokka bites you but does no damage.
The orc closely misses you.
You barely miss the ogre.
The ogre is lightly wounded.
You hit the quokka. You slash the orc!
You kill the orc!
The quokka closely misses you.
The ogre hits you with a +0 giant spiked club!
The quokka bites you but does no damage.
You barely miss the ogre.
The ogre is lightly wounded.
You closely miss the quokka. You hit the kobold.
You kill the kobold!
The quokka closely misses you. The ogre closely misses you.
The quokka closely misses you.
You hit the ogre.
The ogre is lightly wounded.
You closely miss the quokka.
The ogre hits you with a +0 giant spiked club!
The quokka bites you.
* * * LOW HITPOINT WARNING * * *
You hit the ogre.
The ogre is moderately wounded.
You hit the quokka but do no damage.
The quokka bites you but does no damage.
The ogre hits you with a +0 giant spiked club!
You die...

# ...#.#.###........#
####.##....#..........#
......# #.†#..........#
###.... #.............#
# #.#.....#...........#
# #.#.#####...........#
# #.#.##..'...........#
# #.#.##.##...........#
# #....#.######.@.....#
###....#.# #..O)r......
.........# #...........
....#..######...........
>...#.......+...........
....##.######...........
######## ............
.......# #............
#...#..#


You could see an ogre and a quokka.

Vanquished Creatures
  Crazy Yiuf (D:2)
  Ijyb (D:3)
  Robin (D:2)
  3 gnolls (D:3)
  3 adders
  A worm (D:3)
  A dart slug (D:2)
  An orc (D:3)
  2 ball pythons
  3 bats
  5 endoplasms
  A giant cockroach (D:1)
  7 goblins (D:2)
  5 hobgoblins
  A quokka (D:2)
  A frilled lizard (D:1)
  2 kobolds
  A rat (D:1)
40 creatures vanquished.

Notes
Turn   | Place    | Note
-------+----------+-------------------------------------------
     0 | D:1      | bande the Gargoyle Fighter began the quest for the Orb.
     0 | D:1      | Reached XP level 1. HP: 14/14 MP: 1/1
   189 | D:1      | Reached XP level 2. HP: 19/19 MP: 2/2
  1481 | D:2      | Found a runed translucent door.
  1482 | D:2      | Noticed Crazy Yiuf
  1743 | D:2      | Reached XP level 3. HP: 23/24 MP: 3/3
  1835 | D:2      | Noticed Robin
  1860 | D:2      | Killed Robin
  1861 | D:2      | Reached skill level 4 in Armour
  2030 | D:2      | Killed Crazy Yiuf
  2031 | D:2      | Reached XP level 4. HP: 14/29 MP: 4/4
  2382 | D:3      | Noticed Ijyb
  2393 | D:3      | Killed Ijyb
  2394 | D:3      | Reached XP level 5. HP: 27/33 MP: 5/5
  2434 | D:3      | Found a sacrificial altar of Ru.
  2682 | D:3      | Noticed an ogre
  2691 | D:3      | Mangled by an ogre

Illustrated notes

Levels and vault maps discovered:
D:1:      tekkud_arrival_beachfront_property, layout_basic,
          chequers_serial_rivers_room_a
D:2:      layout_loops_ring, uniq_crazy_yiuf_cottage, uniq_robin
D:3:      layout_basic, lemuel_coloured_pillars_altar,
          hellmonk_ecumenical_altar_inner_sanctum, grunt_decor_clamped,
          hangedman_abyss_or_decor_stabs, uniq_ijyb

Skill      XL: |  1  2  3  4 |
---------------+-------------+-----
Axes           | 2 3 |  3.3
Armour         | 4 |  4.6
Fighting       | |  3.9
Stealth        | |  0.1
Shields        | |  3.8

Action                     |  1- 3 |  4- 6 || total
---------------------------+-------+-------++-------
  Melee: War axe           |    89 |    54 ||   143
    Use: Scroll            |     5 |     3 ||     8
 Armour: Scale mail        |    61 |    33 ||    94
  Dodge: Dodged            |    45 |    23 ||    68
  Block: Buckler           |    23 |    11 ||    34

Table legend: (Time is in decaauts)
 A = Elapsed time spent in this place.
 B = Non-inter-level travel time spent in this place.
 C = Inter-level travel time spent in this place.
 D = Time resting spent in this place.
 E = Time spent auto-exploring this place.
 F = Levels seen in this place.
 G = Mean time per level.
                   A        B        C        D        E       F      G
               +--------+--------+--------+--------+--------+-----+--------+
         Total |   2748 |   2337 |    411 |    207 |   1712 |   3 |  916.0 |
       Dungeon |   2748 |   2337 |    411 |    207 |   1712 |   3 |  916.0 |
               +--------+--------+--------+--------+--------+-----+--------+

Top non-repeatable levels by time:
     D:1: 1345 daAuts
     D:2: 976 daAuts
     D:3: 426 daAuts
